AoeStats
← tony le gros rou

Lombardia

507523491Analyzed
4v4 RM · 13d ago on Sep 18, 2026· 24m 42s· 8 players
Game mode
Random Map
Map size
Large (8 player)
Population
200
Speed
Normal
Resources
Standard
Victory
Conquest
Starting age
Dark Age
Ending age
Imperial Age
RankedLock teamsTeams togetherTeam positionsShared explorationLock speedFull tech treeHidden civsTurbo modeCheats
Victory
Defeat
🇨🇳 Mongols · China
1432
+17
🇨🇿 Burmese · Czechia
1425
+17
1415
+17
🇲🇽 Bulgarians · Mexico
1390
+18
🇫🇷 Britons · France
1568
-22
🇫🇷 Poles · France
1487
-19
🇩🇪 Ethiopians · Germany
1471
-18
🇫🇷 Saracens · France
1258
-10
enzoyin68
8:18 Feudal Age
8:58 Double-Bit Axe
9:28 Horse Collar
13:32 Forging
14:15 Scale Barding Armor
14:55 Bloodlines
19:00 Wheelbarrow
22:58 Castle Age
22:39 Loom
24:47 Bow Saw
25:14 Husbandry
25:38 Chain Barding Armor
Niccals_
6:29 Loom
9:32 Feudal Age
18:16 Forging
18:12 Scale Barding Armor
24:55 Castle Age
23:06 Double-Bit Axe
23:27 Horse Collar
24:06 Bloodlines
(° ^ °)???
6:26 Loom
6:31 Loom
9:18 Feudal Age
9:59 Double-Bit Axe
16:39 Horse Collar
20:43 Castle Age
18:56 Fletching
19:43 Bloodlines
19:52 Gold Mining
20:14 Town Watch
20:35 Padded Archer Armor
21:27 Bodkin Arrow
22:40 Leather Archer Armor
23:50 Bow Saw
25:06 Husbandry
polom.s1989
7:21 Loom
11:53 Feudal Age
14:32 Horse Collar
17:55 Castle Age
16:40 Gold Mining
17:01 Stone Mining
18:36 Heavy Plow
19:56 Gold Shaft Mining
24:42 Wheelbarrow
24:47 Town Watch
tony le gros rou
10:53 Feudal Age
14:57 Castle Age
13:18 Double-Bit Axe
16:40 Horse Collar
17:45 Loom
ccereal
5:42 Loom
8:25 Feudal Age
12:47 Fletching
12:57 Padded Archer Armor
15:46 Double-Bit Axe
21:44 Wheelbarrow
p0n0n0
5:16 Loom
9:19 Feudal Age
10:08 Double-Bit Axe
Jungle Kriss
7:21 Loom
9:49 Feudal Age
10:39 Horse Collar
10:46 Double-Bit Axe
14:28 Scale Barding Armor
15:15 Forging
22:12 Gold Mining
22:16 Fletching
22:15 Town Watch
25:00 Castle Age
24:26 Wheelbarrow
Connection lost

Rejoining the realm…

Still unreachable

The connection could not be restored.

Session expired

The server has moved on; the page needs a fresh start.